 Dungeon Crawl Stone Soup version 0.27.1-34-g3ba077fa99 (webtiles) character file.

Game seed: 18218346550061841414

5137 wolfrpgdude the Protected (level 10, -3/86 HPs)
             Began as a Minotaur Fighter on Jan 10, 2022.
             Was a High Priest of Okawaru.
             Killed by nerve-wracking pain
             ... invoked by an orc priest
              (8 damage)
             ... on level 9 of the Dungeon on Jan 14, 2022.
             The game lasted 00:28:04 (9945 turns).

wolfrpgdude the Protected (Minotaur Fighter)        Turns: 9945, Time: 00:28:06

Health: -3/86      AC: 11    Str: 24    XL:     10   Next: 33%
Magic:  9/9        EV: 10    Int: 11    God:    Okawaru [*****.]
Gold:   451        SH: 12    Dex: 10    Spells: 9/9 levels left

rFire    . . .     SeeInvis .   f - +5 falchion (freeze)
rCold    . . .     Faith    .   c - +0 kite shield
rNeg     . . .     Spirit   .   b - +0 scale mail
rPois    .         Reflect  .   (helmet restricted)
rElec    .         Harm     .   (no cloak)
rCorr    .         Rampage  .   i - +0 pair of gloves
Will     .....                  r - +0 pair of boots
Stlth    ..........             k - amulet of the acrobat
HPRegen  0.24/turn              w - +6 ring of intelligence
MPRegen  0.11/turn              (no ring)

@: no status effects
A: horns 2, retaliatory headbutt
a: Renounce Religion, Heroism, Finesse


You were on level 9 of the Dungeon.
You worshipped Okawaru.
Okawaru was extremely pleased with you.
You visited 2 branches of the dungeon, and saw 10 of its levels.

You collected 451 gold pieces.

Inventory:

Hand Weapons
 a - a +0 war axe
 f - a +5 falchion of freezing (weapon)
 g - a +2 dagger of venom
Missiles
 m - 6 throwing nets
 p - 7 datura-tipped darts
Armour
 b - a +0 scale mail (worn)
 c - a +0 kite shield (worn)
 i - a +0 pair of gloves (worn)
 r - a +0 pair of boots (worn)
Jewellery
 k - an amulet of the acrobat (around neck)
 w - a +6 ring of intelligence (left hand)
Wands
 d - a wand of paralysis (7)
 q - a wand of flame (5) (quivered)
 A - a wand of acid (12)
Scrolls
 h - 5 scrolls of identify
 n - 2 scrolls of enchant armour {unknown}
 o - a scroll of immolation {unknown}
 s - a scroll of amnesia {unknown}
 x - a scroll of fog {unknown}
 y - a scroll of brand weapon {unknown}
 z - a scroll of magic mapping {unknown}
Potions
 e - a potion of attraction
 j - a potion of mutation {unknown}
 t - 3 potions of haste
 u - a potion of curing
 v - a potion of berserk rage {unknown}
 B - a potion of invisibility {unknown}
 C - a potion of brilliance {unknown}


   Skills:
 + Level 7.5 Fighting
 + Level 3.7(5.8) Short Blades
 + Level 7.6(8.1) Long Blades
 + Level 2.8 Axes
 + Level 0.7 Throwing
 + Level 9.5 Armour
 + Level 5.7 Dodging
 + Level 2.3 Stealth
 + Level 9.2 Shields
 + Level 2.1 Evocations


You had 9 spell levels left.
You didn't know any spells.
Your spell library contained the following spells:

 Spells                   Type           Power      Damage    Failure   Level
 Foxfire                  Conj/Fire      0%         2x1d4     85%         1
 Static Discharge         Conj/Air       0%         N/A       94%         2
 Conjure Flame            Conj/Fire      0%         6-21      99%         3
 Inner Flame              Hex/Fire       0%         N/A       99%         3
 Animate Dead             Necr           0%         N/A       100%        4
 Lightning Bolt           Conj/Air       0%         1d11      100%        5
 Haunt                    Necr/Summ      0%         N/A       100%        7
 Infestation              Necr           0%         N/A       100%        8
 Maxwell's Capacitive Co  Air            0%         ∞         100%        8


Dungeon Overview and Level Annotations

Branches:
Dungeon (8/15)             Temple (1/1) D:4
   Lair: D:8-11

Altars:
Ashenzari
Cheibriados
Dithmenos
Elyvilon
Fedhas
Gozag
Hepliaklqana
Kikubaaqudgha
Makhleb
Nemelex Xobeh
Okawaru
Qazlal
Ru
Sif Muna
Uskayaw
Vehumet
Wu Jian
Xom
Yredelemnul
Zin
The Shining One

Shops:
D:7 (

Annotations:
D:8 2 runed translucent doors


Innate Abilities, Weirdness & Mutations

You have a pair of horns on your head.
You reflexively headbutt those who attack you in melee.


Message History

You block something's attack.
The orc priest hits you but does no damage.
Something hits you but does no damage.
You hit the orc warrior. You freeze the orc warrior.
Your headbutt misses the orc warrior.
The orc warrior is moderately wounded.
The orc priest completely misses you. You furiously retaliate!
You headbutt the orc priest!
You kill the orc priest!
Okawaru accepts your kill. Something hits you.
* * * LOW HITPOINT WARNING * * *
You block the orc warrior's attack. Something hits you but does no damage.
The orc priest hits you but does no damage.
Something hits you.
* * * LOW HITPOINT WARNING * * *
The orc closely misses you.
You barely miss the orc warrior.
The orc warrior is moderately wounded.
You block something's attack. The orc warrior completely misses you.
Something hits you but does no damage.
The orc priest looks braver for a moment.
You block the orc's attack. Something hits you.
* * * LOW HITPOINT WARNING * * *
The orc barely misses you. You furiously retaliate!
You headbutt the orc. You slash the orc warrior! You freeze the orc warrior.
The orc warrior is severely wounded.
Something hits you but does no damage. The orc warrior closely misses you.
Something hits you but does no damage.
The orc priest calls upon Beogh to heal the orc.
You block something's attack. The orc hits you but does no damage.
The orc hits you with a +2 mace of protection.
* * * LOW HITPOINT WARNING * * *
You hit the orc warrior. You freeze the orc warrior.
The orc warrior is almost dead.
Something hits you but does no damage. You block the orc warrior's attack.
You block something's attack.
The orc priest calls down the wrath of Beogh upon you.
Pain shoots through your body!
You die...

#.......# #.......#
#.......# #.......#
#.......# .
#...o...# ..
#...{o..#####...
#..o@ooV........
#>.o{.o.........
#...ooo.........
.....####........=.
###.. #..........
#. #.......... #
#..........
#'######### .{o


You could see a vampire, an orc warrior, 2 orc priests and 7 orcs.

Vanquished Creatures
  Harold (D:7)
  Pikel (D:6)
  A wyvern (D:8)
  A wraith (D:8)
  2 steam dragons
  Eustachio (D:5)
  Menkaure (D:7)
  An acid dragon (D:5)
  3 water moccasins
  2 black bears
  An ice beast (D:7)
  An orc warrior (D:9)
  2 sky beasts
  2 necrophages
  2 ogres
  A centaur (D:7)
  A kobold brigand (D:8)
  A bullfrog (D:7)
  A gnoll sergeant (D:7)
  3 scorpions
  A water moccasin skeleton (D:6)
  8 wights
  A howler monkey (D:6)
  A centaur zombie (D:8)
  4 hounds
  5 centaur skeletons
  3 orc priests
  A jelly (D:6)
  A gnoll shaman (D:6)
  5 iguanas
  6 orc wizards
  A killer bee zombie (D:7)
  A hound skeleton (D:4)
  6 gnolls
  7 adders
  A shadow imp (D:5)
  2 ufetubi (D:6)
  2 worms (D:2)
  A dart slug (D:1)
  34 orcs
  3 ball pythons
  6 endoplasms
  7 hobgoblins
  9 jackals
  10 kobolds
  6 quokkas
  3 bats
  A frilled lizard (D:1)
  6 goblins
  A jackal skeleton (D:4)
  5 rats
177 creatures vanquished.

Vanquished Creatures (others)
  A gnoll (D:7)
  A plant (D:4)
2 creatures vanquished.

Grand Total: 179 creatures vanquished

Notes
Turn   | Place    | Note
-------+----------+-------------------------------------------
     0 | D:1      | wolfrpgdude the Minotaur Fighter began the quest for the
                  | Orb.
     0 | D:1      | Reached XP level 1. HP: 19/19 MP: 0/0
   363 | D:1      | Reached XP level 2. HP: 26/27 MP: 1/1
   436 | D:1      | You fall into a shaft and drop 1 floor!
   931 | D:2      | Reached XP level 3. HP: 19/33 MP: 2/2
  2121 | D:3      | Reached skill level 1 in Dodging
  2134 | D:3      | Reached XP level 4. HP: 36/40 MP: 3/3
  2795 | D:3      | Reached skill level 5 in Armour
  2795 | D:3      | Reached XP level 5. HP: 47/47 MP: 4/4
  2828 | D:4      | Found a staircase to the Ecumenical Temple.
  2850 | Temple   | Entered the Ecumenical Temple
  2893 | Temple   | Became a worshipper of Warmaster Okawaru
  3030 | D:4      | Reached skill level 1 in Short Blades
  3266 | D:4      | Noticed a black bear
  3273 | D:4      | Killed a black bear
  3274 | D:4      | Reached skill level 5 in Shields
  3274 | D:4      | Reached XP level 6. HP: 48/53 MP: 5/5
  3374 | D:4      | Reached * piety under Okawaru
  3596 | D:4      | Reached skill level 5 in Fighting
  3596 | D:4      | Reached XP level 7. HP: 37/61 MP: 6/6
  3974 | D:5      | Entered Level 5 of the Dungeon
  4139 | D:5      | Reached ** piety under Okawaru
  4334 | D:5      | Reached skill level 1 in Long Blades
  4334 | D:5      | Reached skill level 1 in Stealth
  4334 | D:5      | Reached XP level 8. HP: 11/69 MP: 7/7
  5399 | D:5      | Noticed Eustachio
  5411 | D:5      | Killed Eustachio
  5926 | D:6      | Reached *** piety under Okawaru
  6221 | D:6      | Reached skill level 5 in Long Blades
  6436 | D:6      | Noticed Pikel
  6456 | D:6      | Killed Pikel
  6457 | D:6      | Reached XP level 9. HP: 21/77 MP: 8/8
  6825 | D:6      | Reached **** piety under Okawaru
  7846 | D:6      | Reached skill level 1 in Evocations
  8158 | D:7      | Found Zaukul's Weapon Boutique.
  8855 | D:7      | Reached skill level 5 in Dodging
  8879 | D:7      | Noticed Menkaure
  8883 | D:7      | Killed Menkaure
  8980 | D:7      | Noticed Harold
  8999 | D:7      | Killed Harold
  8999 | D:7      | Reached ***** piety under Okawaru
  9000 | D:7      | Reached XP level 10. HP: 29/86 MP: 9/9
  9520 | D:8      | Found a runed translucent door.
  9522 | D:8      | Found a runed translucent door.
  9907 | D:8      | You fall into a shaft and drop 1 floor!
  9945 | D:9      | Killed from afar by an orc priest

Illustrated notes

Levels and vault maps discovered:
D:1:      minmay_arrival_cross, layout_basic, minmay_misc_feat_rugged,
          serial_bayou_pond_e
D:2:      layout_basic, corexii_shack, minmay_small_reverse_x
D:3:      layout_basic
D:4:      layout_basic, minmay_temple_entry_gardened_gates
D:5:      layout_layer_cave, uniq_eustachio
D:6:      layout_layer_cave, uniq_pikel
D:7:      layout_cave_pools, serial_shops, shop, st_stairs_10, uniq_harold,
          uniq_menkaure
D:8:      lemuel_insect_pit, layout_loops_cross,
          mainiacjoe_overflow_surrounded_room
D:9:      layout_long_grid, david_lair_shrubbed, hiddenorc2_lemuel,
          lightli_corner_chamber
Temple:   kilobyte_greek_temple

Skill      XL: |  1  2  3  4  5  6  7  8  9 10 |
---------------+-------------------------------+-----
Armour         | 4 5 6 7 8 9 |  9.5
Fighting       | 4 5 6 7 |  7.5
Shields        | 4 5 6 7 8 9 |  9.2
Dodging        | 1 2 3 4 5 |  5.7
Short Blades   | 1 2 3 |  3.7
Long Blades    | 1 5 6 7 |  7.6
Stealth        | 1 2 |  2.3
Evocations     | 1 2 |  2.1
Axes           | |  2.8
Throwing       | |  0.7

Action                   |  1- 3 |  4- 6 |  7- 9 | 10-12 || total
-------------------------+-------+-------+-------+-------++-------
Melee: War axe           |    23 |       |       |       ||    23
       Headbutt          |    13 |    21 |    56 |    10 ||   100
       Dagger            |    57 |   127 |     4 |       ||   188
       Falchion          |       |       |   268 |    50 ||   318
Throw: Dart              |       |       |     4 |       ||     4
Evoke: Wand              |       |       |    15 |       ||    15
  Use: Potion            |       |     2 |     3 |     1 ||     6
       Scroll            |       |       |     7 |     1 ||     8
Armor: Scale mail        |    36 |    51 |   123 |    36 ||   246
Dodge: Dodged            |    19 |    62 |   147 |    32 ||   260
Block: Kite shield       |    50 |    71 |   188 |    37 ||   346
       Rpst.: Falchion   |       |       |    29 |     6 ||    35
